 Dungeon Crawl Stone Soup version 0.29-a0-319-gad05b8d819 (webtiles) character file.

Game seed: 14364599607176750501

81 kae the Firebug (level 4, 0/25 HPs)
             Began as a Tengu Fire Elementalist on Apr 1, 2022.
             Slain by Natasha (1 damage)
             ... on level 2 of the Dungeon.
             The game lasted 00:01:53 (2530 turns).

kae the Firebug (Tengu Fire Elementalist)           Turns: 2530, Time: 00:01:53

Health: 0/25       AC:  2    Str:  8    XL:     4   Next: 40%
Magic:  5/8        EV: 12    Int: 18    God:
Gold:   140        SH:  0    Dex: 14    Spells: 4/7 levels left

rFire   + . .      SeeInvis .   h - staff of fire
rCold   . . .      Faith    .   (no shield)
rNeg    . . .      Spirit   .   a - +0 robe
rPois   .          Reflect  .   (helmet restricted)
rElec   .          Harm     .   (no cloak)
rCorr   .          Rampage  .   (no gloves)
Will    .....                   (boots unavailable)
Stlth   ++........              (no amulet)
HPRegen 0.08/turn               (no ring)
MPRegen 0.11/turn               (no ring)

@: no status effects
A: beak, talons 3
a: no special abilities


You were on level 2 of the Dungeon.
You visited 1 branch of the dungeon, and saw 2 of its levels.

You collected 140 gold pieces.

Inventory:

Armour
 a - a +0 robe (worn)
Magical Staves
 h - a staff of fire (weapon)
Jewellery
 i - a ring of see invisible
Scrolls
 d - a scroll of blinking {unknown}
 f - 2 scrolls of fog
Potions
 b - a potion of magic
 c - 2 potions of brilliance
 e - a potion of attraction {unknown}
 k - a potion of heal wounds {unknown}


   Skills:
 + Level 1.2 Fighting
 + Level 1.3 Armour
 + Level 2.8 Dodging
 - Level 2.0 Stealth
 + Level 2.4 Spellcasting
 + Level 2.4 Conjurations
 + Level 3.6 Fire Magic
 + Level 0.8 Evocations


You had 4 spell levels left.
You knew the following spells:

 Your Spells              Type           Power      Damage    Failure   Level
a - Foxfire               Conj/Fire      76%        2x1d7     4%          1
b - Scorch                Fire           46%        2d7       6%          2

Your spell library contained the following spells:

 Spells                   Type           Power      Damage    Failure   Level
 Conjure Flame            Conj/Fire      19%        6-21      16%         3
 Inner Flame              Hex/Fire       13%        N/A       24%         3
 Flame Wave               Conj/Fire      19%        2d6       45%         4


Dungeon Overview and Level Annotations

Branches:
Dungeon (2/15)

Altars:

Annotations:
D:2 Natasha, Terence


Innate Abilities, Weirdness & Mutations

You have a beak for a mouth.
You have claws for feet.


Message History

Natasha wildly gestures.
You feel disoriented.
The crimson imp blinks!
The crimson imp grinds its teeth.
The foxfire hits Natasha.
Natasha is moderately wounded.
The foxfire hits the crimson imp but does no damage.
The crimson imp closely misses you.
Casting: Foxfire (safe; 4% risk of failure)
Confirm with . or Enter, or press ? or * to list all spells.
You feel a surge of power!
You conjure some foxfire!
Natasha claws you!
The crimson imp blinks!
The foxfire hits Natasha.
Natasha is moderately wounded.
The foxfire hits the crimson imp.
The crimson imp completely resists.
Natasha claws you.
The crimson imp blinks! x2
You closely miss Natasha. You claw Natasha, but do no damage.
You peck Natasha, but do no damage.
Natasha is moderately wounded.
Natasha claws you.
The crimson imp blinks!
You hit Natasha. You claw Natasha, but do no damage.
Natasha is heavily wounded.
Natasha claws you.
* * * LOW HITPOINT WARNING * * *
The white imp hits you but does no damage.
You feel better. Natasha claws you. The white imp hits you.
The white imp freezes you.
Okay, then.
Okay, then.
You hit Natasha.
Natasha is severely wounded.
Natasha casts a spell at you. You resist with some effort.
The crimson imp shouts, "Bolt, thou lumpish two-tin-hat nert!"
The white imp hits you.
* * * LOW HITPOINT WARNING * * *
The white imp freezes you.
* * * LOW HITPOINT WARNING * * *
Natasha claws you.
You die...

#................###
.. .. >
#.......(........###
..... .#
###########......##.#
#.#.# #.#
#......#............#
#.....5##.#.#.#.#.#.#
#......#............#
#......##.#.#.#.#.#.#
#....h5#............#
#.....@##.#.#.#5#.###
#.....5#...........#
#.......#.#.#.#.#.##
#######.........5..#
.#.#.#.#.#.##
............#
.#.#.#.#.#h##
..........S.#
#.#.#.#.#<##


You could see Natasha, 2 crimson imps and a white imp (summoned).

Vanquished Creatures
  Robin (D:2)
  2 adders
  A worm (D:2)
  4 endoplasms
  5 giant cockroaches
  12 goblins
  4 hobgoblins
  2 kobolds
  A quokka (D:1)
  5 ball pythons
  A bat (D:1)
  A frilled lizard (D:1)
  5 rats
44 creatures vanquished.

Vanquished Creatures (collateral kills)
  5 foxfires (D:1)
5 creatures vanquished.

Vanquished Creatures (others)
  162 foxfires
  4 fungi (D:1)
  2 toadstools (D:1)
168 creatures vanquished.

Grand Total: 217 creatures vanquished

Notes
Turn   | Place    | Note
-------+----------+-------------------------------------------
     0 | D:1      | kae the Tengu Fire Elementalist began the quest for the
                  | Orb.
     0 | D:1      | Reached XP level 1. HP: 10/10 MP: 4/4
   381 | D:1      | Reached XP level 2. HP: 16/16 MP: 3/6
  1054 | D:1      | Learned a level 2 spell: Scorch
  1353 | D:2      | Found a faded altar of an unknown god.
  1355 | D:2      | Noticed Terence
  1490 | D:1      | Reached XP level 3. HP: 10/20 MP: 2/7
  1774 | D:2      | Noticed Natasha
  1881 | D:2      | Reached skill level 1 in Fighting
  2062 | D:2      | Noticed Robin
  2067 | D:2      | Killed Robin
  2068 | D:2      | Reached skill level 1 in Armour
  2068 | D:2      | Reached XP level 4. HP: 18/25 MP: 3/8
  2530 | D:2      | HP: 1/25 [white imp[Natasha] (5)]
  2530 | D:2      | Slain by Natasha

Illustrated notes

Levels and vault maps discovered:
D:1:      beargit_arrival_diablo_church, layout_basic, minmay_gold_behind_fungi
D:2:      layout_basic, basic_ecumenical_altar, corexii_item_surrounded_by_moat,
          st_stairs_11, hangedman_decor_points, uniq_terence, uniq_natasha,
          uniq_robin

Skill      XL: |  1  2  3 |
---------------+----------+-----
Conjurations   | 2 |  2.4
Fighting       | 1 |  1.2
Armour         | 1 |  1.3
Dodging        | |  2.8
Stealth        | |  2.0
Spellcasting   | |  2.4
Fire Magic     | |  3.6
Evocations     | |  0.8

Action                   |  1- 3 |  4- 6 || total
-------------------------+-------+-------++-------
Melee: Unarmed           |     2 |       ||     2
       Peck              |     1 |     1 ||     2
       Staff             |     8 |     3 ||    11
       Kick              |     3 |     2 ||     5
 Cast: Foxfire           |    69 |    25 ||    94
       Scorch            |     3 |     1 ||     4
  Use: Scroll            |     5 |       ||     5
       Potion            |       |     1 ||     1
Armor: Robe              |     7 |     1 ||     8
Dodge: Dodged            |    13 |     5 ||    18

Table legend: (Time is in decaauts)
 A = Elapsed time spent in this place.
 B = Non-inter-level travel time spent in this place.
 C = Inter-level travel time spent in this place.
 D = Time resting spent in this place.
 E = Time spent auto-exploring this place.
 F = Levels seen in this place.
 G = Mean time per level.
                   A        B        C        D        E       F      G
               +--------+--------+--------+--------+--------+-----+--------+
         Total |   2534 |   2423 |    111 |    395 |   1632 |   2 | 1267.0 |
       Dungeon |   2534 |   2423 |    111 |    395 |   1632 |   2 | 1267.0 |
               +--------+--------+--------+--------+--------+-----+--------+

Top non-repeatable levels by time:
     D:1: 1706 daAuts
     D:2: 827 daAuts
